 Dungeon Crawl Stone Soup version 0.23.2-1-ga50397a (webtiles) character file.

Game seed: 4975138377884657890

14 davaitedunem the Chucker (level 2, 27/27 HPs)
             Began as a Troll Assassin on Apr 26, 2019.
             Quit the game on level 1 of the Dungeon.
             The game lasted 00:04:15 (577 turns).

davaitedunem the Chucker (Troll Assassin)            Turns: 577, Time: 00:04:16

Health: 27/27      AC:  7    Str: 18    XL:     2   Next: 27%
Magic:  1/1        EV:  9    Int:  7    God:
Gold:   49         SH:  0    Dex: 11    Spells: 1/1 levels left

rFire    . . .     SeeInvis .   o - +2 dagger (flame)
rCold    . . .     Gourm    +   (no shield)
rNeg     . . .     Faith    .   c - +0 robe
rPois    .         Spirit   .   (helmet restricted)
rElec    .         Reflect  .   d - +0 cloak
rCorr    .         Harm     .   (gloves unavailable)
MR       .....                  (boots unavailable)
Stlth    ++........             (no amulet)
HPRegen  0.49/turn              (no ring)
MPRegen  0.07/turn              (no ring)

@: no status effects
A: large, unfitting armour, claws 3, fast metabolism 3, gourmand, regeneration
1, shaggy fur 1, tough skin 3
a: no special abilities


You were on level 1 of the Dungeon.
You were completely stuffed.

You visited 1 branch of the dungeon, and saw 1 of its levels.

You collected 49 gold pieces.

Inventory:

Hand Weapons
 a - a +2 dagger
 b - a +0 blowgun
 o - a +2 dagger of flaming (weapon)
Missiles
 e - a curare-tipped needle
 n - 7 poisoned needles
Armour
 c - a +0 robe (worn)
 d - a +0 cloak (worn)
Jewellery
 m - a +3 amulet of reflection {unknown}
Scrolls
 i - a scroll of teleportation {unknown}
 j - 2 scrolls of remove curse {unknown}
 k - a scroll of identify {unknown}
 p - a scroll of enchant weapon {unknown}
 q - a scroll of fog {unknown}
Potions
 h - a potion of might {unknown}
 l - a potion of flight {unknown}
Comestibles
 f - 2 chunks of flesh
 g - 4 rations


   Skills:
 - Level 1.5 Fighting
 - Level 1.5 Short Blades
 + Level 2.7 Throwing
 - Level 0.7 Dodging
 - Level 2.1 Stealth


You had one spell level left.
You didn't know any spells.
Your spell library was empty.

Dungeon Overview and Level Annotations

Branches:
Dungeon (1/15)

Altars:


Innate Abilities, Weirdness & Mutations

You are too large for most types of armour.
You have claws for hands.
Your metabolism is lightning-fast.
You like to eat raw meat.
Your natural rate of healing is unusually fast.
You are covered in fur. (AC +1)
You have extremely tough skin. (AC +3)


Message History

This raw flesh tastes great.
Found a whip.
No target in view!
You open the door.
There is an open door here.
Found 15 stones.
You see here 15 stones.
You see here 15 stones.
There is an open door here.
You see here a whip.
You open the door.
Some of the chunks of flesh in your inventory have rotted away.
There is an open door here.
Eating one of 3 chunks of flesh.
You eat one of the 3 chunks of flesh.
This raw flesh tastes great.
Found 19 stones.
You see here 19 stones.
Done exploring.
Done exploring.
Are you sure you want to abandon this character and quit the game? (Confirm with "yes".)

.(.# ###.......### #......#
...# ##..#######..###......#
...# ##.###....####.##......#
...###.##..####..###.#......#
...##.##.###..###(##.#####'.#
...##.#.###.### ##.##.# #.#.#
...#.##.##.### ##.##.# #.#.#
...#.##.#.##<# ##.###.###.#.#
...#.#.##.#.####@###.###.##.#
...#.#.##.##..####..###.###.#
...#.#.###.###....###..## #)#
...#÷##.###(.######..######.#
..÷.####.####......###......#
...## ##...########.'......#
...# ####........##......#
...# ###########......# ..##
########


There were no monsters in sight!

Vanquished Creatures
  A leopard gecko (D:1)
  A giant cockroach (D:1)
  4 goblins (D:1)
  A hobgoblin (D:1)
  A jackal (D:1)
  2 kobolds (D:1)
  2 rats (D:1)
12 creatures vanquished.

Notes
Turn   | Place    | Note
-------+----------+-------------------------------------------
     0 | D:1      | davaitedunem the Troll Assassin began the quest for the
                  | Orb.
     0 | D:1      | Reached XP level 1. HP: 19/19 MP: 0/0
   290 | D:1      | Reached XP level 2. HP: 27/27 MP: 1/1
   577 | D:1      | Quit the game

Skill      XL: |  1 |
---------------+----+-----
Throwing       | 2 |  2.7
Fighting       | |  1.5
Short Blades   | |  1.5
Dodging        | |  0.7
Stealth        | |  2.1

Action                   || total
-------------------------++-------
Melee: Dagger            ||    13
 Fire: Blowgun           ||    32
  Eat: Chunk             ||    11
Armor: Robe              ||     9
Dodge: Dodged            ||     6
